 Dungeon Crawl Stone Soup version 0.26.1-11-gd32895ea62 (webtiles) character file.

Game seed: 13042968356059198297

8871 Arcadio the Agent of Entropy (level 11, -17/97 HPs)
             Began as a Palentonga Abyssal Knight on May 22, 2021.
             Was a Priest of Lugonu.
             Demolished by a sun demon (20 damage)
             ... summoned by an orc sorcerer
             ... on level 1 of the Orcish Mines.
             The game lasted 00:39:53 (19398 turns).

Arcadio the Agent of Entropy (PaAK)                Turns: 19398, Time: 00:39:54

Health: -17/97     AC: 14    Str: 22    XL:     11   Next: 15%
Magic:  0/18       EV: 18    Int: 19    God:    Lugonu [***...]
Gold:   480        SH:  0    Dex: 14    Spells: 7/10 levels left

rFire    x . .     SeeInvis +   a - +2 long sword (drain)
rCold    . . .     Faith    .   (no shield)
rNeg     + + .     Spirit   +   O - +1 robe "Fygryc" {rF- rN+ Int+7 Stlth+}
rPois    .         Reflect  .   (no helmet)
rElec    .         Harm     .   (no cloak)
rCorr    .         Rampage  .   Q - +1 pair of gloves
Will     .....                  (no barding)
Stlth    +.........             L - amulet of guardian spirit
HPRegen  0.26/turn              q - +4 ring of evasion
MPRegen  0.16/turn              G - ring "Puotode" {rN+ Str+4 Dex+3 Stlth-}

@: confused, about to teleport, curled up
A: large, rugged brown scales 3, see invisible, deformed body, roll 1, armoured
tail, reflexive curl
a: Rolling Charge, Renounce Religion, Depart the Abyss, Bend Space, Banish


You were on level 1 of the Orcish Mines.
You worshipped Lugonu.
Lugonu was most pleased with you.
You visited 3 branches of the dungeon, and saw 11 of its levels.
You visited the Abyss 1 time.

You collected 480 gold pieces.

Inventory:

Hand Weapons
 a - a +2 long sword of draining (weapon)
 e - a +1 dagger of protection
 N - a +5 scimitar
Missiles
 H - 10 poisoned darts (quivered)
Armour
 O - the +1 robe "Fygryc" (worn) {rF- rN+ Int+7 Stlth+}
   (You found it on level 8 of the Dungeon)

   It affects your intelligence (+7).
   It makes you vulnerable to fire.
   It protects you from negative energy.
   It makes you more stealthy.
 Q - a +1 pair of gloves (worn)
Jewellery
 h - an uncursed ring of resist corrosion
 q - a +4 ring of evasion (left hand)
 r - an uncursed ring of protection from cold
 G - the ring "Puotode" (right hand) {rN+ Str+4 Dex+3 Stlth-}
   (You took it off a kobold on level 7 of the Dungeon)

   [ring of positive energy]

   It affects your strength (+4).
   It affects your dexterity (+3).
   It protects you from negative energy.
   It makes you less stealthy.
 L - an amulet of guardian spirit (around neck)
Wands
 m - a wand of disintegration (2)
 u - a wand of digging (9)
 A - a wand of enslavement (12)
 C - a wand of flame (8)
Scrolls
 d - a scroll of magic mapping {unknown}
 l - a scroll of fear
 o - 3 scrolls of teleportation
 t - a scroll of enchant armour
 x - a scroll of fog
 y - 2 scrolls of enchant weapon {unknown}
 F - a scroll of amnesia
 I - a scroll of summoning {unknown}
 J - 3 scrolls of remove curse
Potions
 c - a potion of ambrosia
 g - 2 potions of flight {unknown}
 j - a potion of attraction {unknown}
 k - 3 potions of curing
 s - 2 potions of lignification {unknown}
 v - a potion of haste {unknown}
 w - a potion of might {unknown}
 D - 2 potions of magic {unknown}
 E - a potion of heal wounds


   Skills:
 + Level 6.6 Fighting
 - Level 7.8(8.3) Short Blades
 + Level 4.4(6.7) Long Blades
 - Level 5.6 Armour
 + Level 7.4 Dodging
 + Level 9.4 Invocations


You had 7 spell levels left.
You knew the following spells:

 Your Spells              Type           Power        Failure   Level
a - Corona                Hex            0%           21%         1
b - Animate Skeleton      Necr           0%           21%         1
c - Apportation           Tloc           0%           21%         1

Your spell library contained the following spells:

 Spells                   Type           Power        Failure   Level
 Summon Small Mammal      Summ           0%           21%         1
 Confusing Touch          Hex            0%           52%         3
 Gell's Gravitas          Tloc           0%           52%         3
 Petrify                  Tmut/Erth      0%           90%         4
 Metabolic Englaciation   Hex/Ice        0%           99%         5
 Yara's Violent Unravell  Hex/Tmut       0%           99%         5


Dungeon Overview and Level Annotations

Branches:
Dungeon (9/15)             Temple (1/1) D:4            Lair (0/6) D:9
    Orc (1/2) D:9

Altars:
Ashenzari
Cheibriados
Dithmenos
Elyvilon
Fedhas
Gozag
Hepliaklqana
Kikubaaqudgha
Makhleb
Nemelex Xobeh
Okawaru
Qazlal
Ru
Sif Muna
Trog
Uskayaw
Vehumet
Wu Jian
Xom
Yredelemnul
Zin
The Shining One
Beogh

Shops:
D:9 ?

Annotations:
D:3 1 runed translucent door
Abyss:1 Eustachio, Maggie


Innate Abilities, Weirdness & Mutations

You are completely covered in rugged brown scales. (AC +3, +7% HP)
You have supernaturally acute eyesight. (SInv)
Armour fits poorly on your strangely shaped body.
You can roll at nearby foes to attack.
You have a long armoured tail.
You curl defensively after being hit.


Message History

The chaos spawn misses you.
Okay, then.
As you read the scroll of teleportation, it crumbles to dust.
You feel strangely unstable. The orc sorcerer misses you.
The sun demon hits you!!
* * * LOW HITPOINT WARNING * * *
You are engulfed in flames!!
The fire burns you terribly!
* * * LOW HITPOINT WARNING * * *
The chaos spawn closely misses you.
You riposte.
You closely miss the chaos spawn.
Your tail-slap misses the chaos spawn.
You are confused.
You feel invigorated.
The orc sorcerer mumbles some strange words.
The orc sorcerer shimmers violently.
The orc sorcerer hits you with a +0 dagger.
* * * LOW HITPOINT WARNING * * *
The sun demon hits you.
* * * LOW HITPOINT WARNING * * *
You are engulfed in flames!!
The fire burns you terribly!
You die...

#........###...[[[..#
##..#..[[##.........##
##.#.....#..........#
##.....[#.....#.......
##..#......#.#.##$...
##.##.....##### ...$
###....### ... ###o3#
.# #4@## ####


You could see a sun demon (summoned), a chaos spawn (summoned) and an orc
sorcerer (drained).

Vanquished Creatures
  A two-headed ogre (D:9)
  2 centaur skeletons
  2 trolls
  A wyvern (D:9)
  Menkaure (D:7)
  A warg (Orc:1)
  2 sky beasts
  An ice beast (D:5)
  2 black bears (D:6)
  6 orc warriors
  3 centaurs
  5 ogres
  3 phantoms
  4 wolves (D:8)
  Blork the orc (D:4)
  A big kobold (D:7)
  7 bullfrogs
  A wyvern zombie (D:9)
  A wyvern skeleton (D:6)
  3 scorpions
  5 wights
  4 electric eels (D:9)
  2 howler monkeys
  A centaur zombie (D:8)
  A bullfrog zombie (D:8)
  6 orc priests
  5 jellies
  11 hounds
  13 orc wizards
  Natasha (thrice) (D:2)
  3 worker ants
  A hound zombie (D:6)
  2 worker ant zombies
  11 adders
  4 gnolls
  4 shadow imps
  3 white imps
  3 ufetubi
  3 worms
  A dart slug (D:3)
  5 leopard geckos
  35 orcs
  7 giant cockroaches
  9 goblins
  10 hobgoblins
  9 jackals
  10 kobolds
  2 quokkas
  6 bats
  4 frilled lizards
  A goblin zombie (D:5)
  2 quokka zombies
  8 rats
242 creatures vanquished.

Vanquished Creatures (others)
  An orc wizard (D:7)
  An orc (D:9)
2 creatures vanquished.

Grand Total: 244 creatures vanquished

Notes
Turn   | Place    | Note
-------+----------+-------------------------------------------
     0 | Abyss:1  | Arcadio the Palentonga Abyssal Knight began the quest for
                  | the Orb.
     0 | Abyss:1  | Reached XP level 1. HP: 20/20 MP: 2/2
    58 | Abyss:1  | Noticed a lorocyproca
    73 | D:1      | Escaped the Abyss
   420 | D:1      | Reached skill level 1 in Dodging
   487 | D:1      | Reached * piety under Lugonu
   570 | D:1      | Reached XP level 2. HP: 20/27 MP: 3/3
  1230 | D:1      | Reached skill level 1 in Short Blades
  1555 | D:2      | Reached XP level 3. HP: 21/33 MP: 4/4
  2019 | D:2      | Noticed Natasha
  2025 | D:2      | Killed Natasha
  2070 | D:2      | Reached XP level 4. HP: 40/40 MP: 5/5
  2141 | D:2      | Noticed Natasha
  2150 | D:2      | Killed Natasha
  2171 | D:2      | Noticed Natasha
  2186 | D:2      | Killed Natasha
  2539 | D:2      | Reached XP level 5. HP: 45/48 MP: 6/6
  2681 | D:2      | Found a shimmering altar of Xom.
  2694 | D:2      | Reached ** piety under Lugonu
  2806 | D:3      | Found a glowing silver altar of Zin.
  2811 | D:3      | Found a runed translucent door.
  2811 | D:3      | Noticed an angel
  4002 | D:4      | Reached XP level 6. HP: 37/54 MP: 7/7
  4667 | D:4      | Reached skill level 3 in Invocations
  4678 | D:5      | Entered Level 5 of the Dungeon
  4754 | D:4      | Found a staircase to the Ecumenical Temple.
  5137 | Temple   | Entered the Ecumenical Temple
  5216 | D:4      | Noticed Blork the orc
  5482 | D:4      | Killed Blork the orc
  5966 | D:4      | Found a glowing silver altar of Zin.
  5967 | D:4      | Found an opulent altar of Gozag.
  6029 | D:4      | Gained mutation: You curl defensively after being hit.
                  | [Palentonga growth]
  6029 | D:4      | Reached XP level 7. HP: 41/60 MP: 9/9
  7190 | D:5      | Reached skill level 4 in Invocations
  7303 | D:5      | Found a blossoming altar of Fedhas.
  8044 | D:5      | Found a shimmering blue altar of Sif Muna.
  8047 | D:5      | Found a white marble altar of Elyvilon.
  8052 | D:5      | Found a hide-covered altar of Uskayaw.
  8759 | D:5      | Reached XP level 8. HP: 34/67 MP: 11/11
  8769 | D:5      | Reached skill level 5 in Short Blades
  8769 | D:5      | Reached skill level 5 in Invocations
  9720 | D:6      | Reached *** piety under Lugonu
  9822 | D:5      | Reached skill level 5 in Armour
 10519 | D:6      | Noticed Eustachio
 11268 | D:6      | Reached skill level 5 in Dodging
 11268 | D:6      | Reached skill level 6 in Invocations
 11268 | D:6      | Reached XP level 9. HP: 59/73 MP: 13/13
 11447 | D:6      | Found a radiant altar of Vehumet.
 11801 | D:6      | Banished Eustachio
 12029 | D:7      | Noticed Menkaure
 12515 | D:7      | Killed Menkaure
 12574 | D:7      | Identified the ring "Puotode" {rN+ Str+4 Dex+3 Stlth-}
 12910 | D:7      | Noticed Maggie
 12941 | D:7      | Banished Maggie
 12942 | D:7      | Reached skill level 7 in Invocations
 13102 | D:7      | Learned a level 1 spell: Corona
 13104 | D:7      | Learned a level 1 spell: Animate Skeleton
 13106 | D:7      | Learned a level 1 spell: Apportation
 13784 | D:8      | Noticed a two-headed ogre
 13787 | D:8      | Banished a two-headed ogre
 13788 | D:8      | Reached XP level 10. HP: 85/85 MP: 10/15
 15060 | D:8      | Noticed a two-headed ogre
 15066 | D:8      | Banished a two-headed ogre
 15067 | D:8      | Reached skill level 5 in Fighting
 15067 | D:8      | Reached skill level 8 in Invocations
 15529 | D:8      | Got a ripped robe
 15540 | D:8      | Identified the +1 robe "Fygryc" {rF- rN+ Int+7 Stlth+} (You
                  | found it on level 8 of the Dungeon)
 15741 | D:9      | Found a staircase to the Lair.
 17147 | D:9      | Found Yjycaho's Magic Scroll Shoppe.
 17379 | D:9      | Noticed a two-headed ogre
 17391 | D:9      | Killed a two-headed ogre
 17392 | D:9      | Reached skill level 9 in Invocations
 18193 | D:9      | Reached XP level 11. HP: 83/96 MP: 14/17
 18319 | D:9      | Found a staircase to the Orcish Mines.
 18604 | D:9      | Found a roughly hewn altar of Beogh.
 18730 | Orc:1    | Entered Level 1 of the Orcish Mines
 18952 | Orc:1    | Noticed an orc sorcerer
 19063 | Orc:1    | Noticed a soul eater
 19069 | Orc:1    | Noticed a sixfirhy
 19191 | Orc:1    | Paralysed by an orc sorcerer for 2 turns
 19388 | Orc:1    | Paralysed by an orc sorcerer for 3 turns
 19392 | Orc:1    | Noticed a sun demon
 19397 | Orc:1    | HP: 4/97 [sun demon[an orc sorcerer] (18)]
 19398 | Orc:1    | Demolished by a sun demon

Illustrated notes

Levels and vault maps discovered:
D:1:      kennysheep_arrival_forest, layout_loops_corners
D:2:      layout_rooms, tgw_xom, uniq_natasha, uniq_sigmund
D:3:      layout_rooms, serial_corexii_hall, corexii_hall_statues_deadend,
          corexii_hall_statues_deadend, chequers_hall_statues_y,
          lemuel_angel_altar
D:4:      layout_basic, grunt_temple_overflow_gold_and_silver,
          minmay_temple_entry_hall, uniq_blork_the_orc
D:5:      layout_basic, lemuel_round_altar, grunt_temple_overflow_diamond,
          enter_ossuary_3
D:6:      layout_basic, vehumet_altar_wand_db, uniq_eustachio
D:7:      layout_basic, kennysheep_another_room, uniq_maggie, uniq_menkaure
D:8:      layout_layer_cave
D:9:      minmay_evil_eye, layout_stronghold, erik_lair_island,
          minmay_orc_entry_temple_small, serial_shops, nicolae_shop_stone,
          kennysheep_diamond
Temple:   eino_temple_lava
Orc:1:    layout_diamond_mine, serial_shops, shop

Skill      XL: |  1  2  3  4  5  6  7  8  9 10 |
---------------+-------------------------------+-----
Dodging        | 1 2 3 4 5 6 7 |  7.4
Armour         | 2 3 4 5 |  5.6
Short Blades   | 1 2 3 4 5 7 |  7.8
Invocations    | 3 4 6 7 9 |  9.4
Fighting       | 4 6 |  6.6
Long Blades    | 4 |  4.4

Action                   |  1- 3 |  4- 6 |  7- 9 | 10-12 || total
-------------------------+-------+-------+-------+-------++-------
Melee: Dagger            |   103 |   322 |   670 |   192 ||  1287
       Falchion          |    13 |       |       |       ||    13
       Tailslap          |     8 |    36 |    97 |    76 ||   217
       Scimitar          |       |       |       |   133 ||   133
       Long sword        |       |       |       |    32 ||    32
Throw: Dart              |       |       |       |    15 ||    15
 Cast: Corona            |       |       |     3 |       ||     3
Invok: Depart the Abyss  |     1 |       |       |       ||     1
       Bend Space        |       |     6 |       |       ||     6
       Banish            |       |       |     4 |     6 ||    10
 Abil: Rolling Charge    |       |     1 |     1 |       ||     2
Evoke: Wand              |       |       |       |    11 ||    11
  Use: Scroll            |       |     6 |     4 |     9 ||    19
       Potion            |       |     2 |     2 |     1 ||     5
Armor: Leather armour    |    56 |    92 |   226 |    38 ||   412
       Robe              |       |       |       |    28 ||    28
Dodge: Dodged            |    46 |   118 |   257 |   291 ||   712
       Rpst.: Falchion   |     4 |       |       |       ||     4
       Scimitar          |       |       |       |    37 ||    37
       Long sword        |       |       |       |     9 ||     9
